 Dungeon Crawl Stone Soup version 0.30-a0-924-g0ad0bf95bc (webtiles) character file.

Game seed: 18024998737815226286

29432 Dirian the Carver (level 13, -1/123 HPs)
             Began as a Minotaur Fighter on Mar 22, 2023.
             Was a High Priest of Okawaru.
             Slain by Kirke (16 damage)
             ... on level 3 of the Lair of Beasts.
             The game lasted 00:49:45 (14871 turns).

Dirian the Carver (Minotaur Fighter)               Turns: 14871, Time: 00:49:46

Health: -1/123     AC:  0    Str: 22    XL:     13   Next: 15%
Magic:  18/18      EV: 13    Int:  5    God:    Okawaru [*****.]
Gold:   470        SH:  0    Dex: 14    Spells: 12/12 levels left

rFire   . . .      SeeInvis .    a - melded +2 scimitar (flame)
rCold   . . .      Faith    .    c - melded +0 buckler
rNeg    . . .      Spirit   .    J - melded +0 plate armour
rPois   .          Reflect  .    G - melded +2 hat
rElec   .          Rampage  .    K - melded +0 cloak of the Okapi {Fly rF+}
rCorr   .                        D - melded +1 pair of gloves {Stlth+}
Will    .....                    A - melded +0 pair of boots
Stlth   +                        B - amulet of regeneration
HPRegen 1.20/turn                k - melded ring of see invisible
MPRegen 0.16/turn                v - melded ring of poison resistance

@: mighty, pig-form, slowed
A: fast, no casting, small, (horns 2), (retaliatory headbutt)
a: Renounce Religion, Heroism, Finesse, Duel


You were on level 3 of the Lair of Beasts.
You worshipped Okawaru.
Okawaru was extremely pleased with you.
You were a filthy swine.
You visited 3 branches of the dungeon, and saw 15 of its levels.
You also visited: Bailey and Gauntlet.

You collected 1028 gold pieces.
You spent 558 gold pieces at shops.

Inventory:

Hand Weapons
 a - a +2 scimitar of flaming (melded)
 b - a +1 scimitar
Missiles
 e - 5 boomerangs (quivered)
 L - 5 javelins
Armour
 c - a +0 buckler (melded)
 A - a +0 pair of boots (melded)
 D - a +1 pair of gloves of stealth (melded)
 E - the +5 tower shield of Rixutt {rF+ Dex+2}
   (You found it in a bailey)

   Dex:       It affects your dexterity (+2).
   rF:        It protects you from fire.
 G - a +2 hat (melded)
 J - a +0 plate armour (melded)
 K - the +0 cloak of the Okapi (melded) {Fly rF+}
   (You found it in a Gauntlet)

   rF:        It protects you from fire.
   Fly:       It grants you flight.
Jewellery
 f - a ring of ice
 k - a ring of see invisible (melded)
 v - a ring of poison resistance (melded)
 B - an amulet of regeneration (around neck)
 N - an amulet of reflection
Wands
 x - a wand of polymorph (10)
 y - a wand of iceblast (16)
 C - a wand of light (15)
 H - a wand of flame (6)
Scrolls
 l - 6 scrolls of enchant armour
 m - a scroll of fog
 r - a scroll of identify
 s - 3 scrolls of poison
 t - 8 scrolls of teleportation
 F - a scroll of immolation
 M - a scroll of blinking {unknown}
Potions
 g - 5 potions of brilliance
 h - 6 potions of haste
 i - 5 potions of attraction
 j - 2 potions of invisibility
 n - 2 potions of resistance
 o - 2 potions of lignification
 p - 5 potions of flight
 q - 8 potions of curing
 u - a potion of cancellation {unknown}
 w - 6 potions of heal wounds
 z - a potion of magic {unknown}
 I - 2 potions of ambrosia {unknown}


   Skills:
 + Level 13.7 Fighting
 - Level 14.8 Long Blades
 + Level 13.6 Armour
 + Level 9.3 Shields
 * Level 8.0 Invocations
 + Level 0.8 Evocations


You had 12 spell levels left.
You didn't know any spells.
Your spell library contained the following spells:

 Spells                   Type           Power      Damage    Failure   Level
 Kiss of Death            Conj/Necr      0%         2d5       47%         1
 Magic Dart               Conj           0%         1d3       47%         1
 Shock                    Conj/Air       0%         1d3       47%         1
 Sublimation of Blood     Necr           0%         N/A       63%         2
 Confusing Touch          Hex            0%         N/A       85%         3
 Dazzling Flash           Conj/Hex       0%         N/A       85%         3
 Kindle Blastsparks       Fire/Tloc/Air  0%         2d10      85%         3
 Mephitic Cloud           Conj/Pois/Air  0%         N/A       85%         3
 Ozocubu's Armour         Ice            0%         N/A       85%         3
 Swiftness                Air            0%         N/A       85%         3
 Airstrike                Air            0%         2d(0-16)  99%         4
 Dispel Undead            Necr           0%         3d6       99%         4
 Iskenderun's Mystic Bla  Conj/Tloc      0%         2d3       99%         4
 Passage of Golubria      Tloc           0%         N/A       99%         4
 Petrify                  Tmut/Erth      0%         N/A       99%         4
 Irradiate                Conj/Tmut      0%         3d11      100%        5
 Metabolic Englaciation   Hex/Ice        0%         N/A       100%        5
 Yara's Violent Unravell  Hex/Tmut       0%         3d3       100%        5
 Iron Shot                Conj/Erth      0%         9d1       100%        6
 Starburst                Conj/Fire      0%         6d3       100%        6
 Statue Form              Tmut/Erth      0%         N/A       100%        6
 Lehudib's Crystal Spear  Conj/Erth      0%         10d2      100%        8
 Call Imp                 Summ           Unusable   N/A       N/A         2
 Tukima's Dance           Hex            Unusable   N/A       N/A         3
 Simulacrum               Ice/Necr       Unusable   N/A       N/A         6

Dungeon Overview and Level Annotations

Branches:
Dungeon (11/15) Zot: 25566  Temple (1/1) D:5 Zot: 5911    Lair (3/5) D:8 Zot: 15348
  Swamp (0/4) Lair:2        Snake (0/4) Lair:2          Orc (0/2) D:10
 Bailey (visited)         Gauntlet (visited)

Altars:
Ashenzari
Cheibriados
Dithmenos
Elyvilon
Fedhas
Gozag
Hepliaklqana
Kikubaaqudgha
Makhleb
Nemelex Xobeh
Okawaru
Qazlal
Ru
Sif Muna
Trog
Uskayaw
Vehumet
Wu Jian
Xom
Yredelemnul
Zin
The Shining One

Shops:
D:4 *[[:!   D:10 [(

Annotations:
D:4 1 runed translucent door
D:9 1 transporter
D:11 1 runed translucent door, adept's ghost, journeyman GrHu
Lair:3 Kirke


Innate Abilities, Weirdness & Mutations

You are a filthy swine.
You move quickly.
Your equipment is almost entirely melded.
You are incapable of wielding weapons or throwing items.
You cannot cast spells.
((You have a pair of horns on your head.))
((You reflexively headbutt those who attack you in melee.))


Message History

Kirke is severely wounded.
Kirke closely misses you.
You barely miss Kirke.
Kirke is severely wounded.
Kirke closely misses you.
You barely miss Kirke.
Kirke is heavily wounded.
Kirke misses you. Kirke gestures at you while chanting.
You feel a momentary urge to oink.
You hear an angry squeal.
You hit Kirke.
Kirke is severely wounded.
Kirke closely misses you.
You hit Kirke.
Kirke is severely wounded.
Kirke casts a spell at you.
You struggle to resist.
You bite Kirke!
Kirke is severely wounded.
Kirke hits you!
You bite Kirke!
Kirke is almost dead.
Kirke hits you!!
* * * LOW HITPOINT WARNING * * *
You hear an angry squeal.
You barely miss Kirke.
Kirke is almost dead.
Kirke hits you!
* * * LOW HITPOINT WARNING * * *
The hog squeals angrily.
You hit Kirke.
Kirke is almost dead.
Kirke hits you!
* * * LOW HITPOINT WARNING * * *
The hog misses you.
You hit Kirke.
Kirke is almost dead.
Kirke hits you!
You die...

### ##.#### ##.#...## ##
##..P....# .#
####.......## #######
###@#......### P#.##.# ###
#.h#.....P.# ...##.#
###P###.h.##....##
......###.#.....#.###.@.##
.##....#....#P##### ###.P#
...##....###### #..#
..###...## #..## .##
#(..P# #...# ## ##..##
##..## ### # #...#
#.h.###.##


You could see Kirke and a hog.

Vanquished Creatures
  A minotaur (Gauntlet)
  Erica (D:8)
  A boulder beetle (Lair:3)
  2 two-headed ogres (D:11)
  3 death yaks (D:8)
  2 skysharks (Lair:3)
  Pikel (D:6)
  A bog body (Lair:2)
  An oklob plant (Gauntlet)
  A cyclops (D:11)
  A guardian serpent (Lair:2)
  An apocalypse crab (Gauntlet)
  2 black mambas (Lair:2)
  Joseph (D:10)
  4 cane toads
  A gargoyle (Bailey)
  An unseen horror (D:11)
  4 komodo dragons
  3 rime drakes
  2 kobold demonologists (D:10)
  2 polar bears
  8 blink frogs
  2 trolls
  2 hornets (D:9)
  Grinder (D:4)
  Sigmund (D:2)
  2 vampires
  A wraith (D:11)
  A shadow (D:11)
  Grum (D:9)
  4 basilisks
  4 hogs (Lair:3)
  30 yaks
  2 fire bats (D:6)
  2 wyverns
  Menkaure (D:7)
  2 steam dragons
  2 swamp worms (Gauntlet)
  An acid dragon (Gauntlet)
  11 water moccasins
  4 orc warriors
  A sky beast (D:7)
  A black bear (D:6)
  2 ogres
  13 wolves
  2 centaurs
  A lemure (D:6)
  2 phantoms
  7 bullfrogs
  4 kobold brigands
  A scorpion (D:5)
  3 wights (D:8)
  7 vampire bats (Bailey)
  3 wolf zombies (Bailey)
  3 hounds
  6 orc priests
  3 jellies
  3 sleepcaps
  Terence (D:2)
  Crazy Yiuf (D:4)
  Jessica (D:2)
  A human skeleton (D:4)
  6 iguanas
  6 orc wizards
  A gnoll (D:6)
  7 adders
  2 white imps
  8 worms
  A dart slug (D:1)
  30 orcs
  3 ball pythons
  3 endoplasms
  4 giant cockroaches
  11 goblins
  5 hobgoblins
  8 jackals
  7 quokkas
  7 bats
  2 frilled lizards
  A jackal skeleton (D:4)
  28 kobolds
  20 orc zombies (Bailey)
  3 rats
347 creatures vanquished.

Vanquished Creatures (others)
  3 fungi (Lair:3)
  11 plants
14 creatures vanquished.

Grand Total: 361 creatures vanquished

Notes
Turn   | Place    | Note
-------+----------+-------------------------------------------
     0 | D:1      | Dirian the Minotaur Fighter began the quest for the Orb.
     0 | D:1      | Reached XP level 1. HP: 19/19 MP: 0/0
    65 | D:1      | Reached XP level 2. HP: 27/27 MP: 1/1
   326 | D:1      | Found a faded altar of an unknown god.
   326 | D:1      | Noticed a hell beast
   495 | D:1      | Reached XP level 3. HP: 33/33 MP: 2/2
   674 | D:2      | Reached skill level 3 in Long Blades
   791 | D:2      | Noticed Sigmund
   805 | D:2      | Killed Sigmund
   806 | D:2      | Reached skill level 4 in Long Blades
   806 | D:2      | Reached skill level 5 in Armour
   806 | D:2      | Reached XP level 4. HP: 29/41 MP: 3/3
   806 | D:2      | Reached XP level 5. HP: 34/47 MP: 4/4
  1135 | D:2      | Noticed Jessica
  1143 | D:2      | Killed Jessica
  1144 | D:2      | Reached skill level 5 in Long Blades
  1201 | D:2      | Noticed Terence
  1218 | D:2      | Killed Terence
  1219 | D:2      | Reached XP level 6. HP: 8/53 MP: 5/5
  2548 | D:4      | Noticed a water moccasin
  2555 | D:4      | Killed a water moccasin
  2556 | D:4      | Reached skill level 5 in Fighting
  2556 | D:4      | Reached skill level 6 in Long Blades
  2697 | D:4      | Found Jiupsemyde's Book Boutique.
  2719 | D:4      | Found a runed translucent door.
  2719 | D:4      | Noticed a human
  2722 | D:4      | Found a basalt altar of Yredelemnul.
  2752 | D:4      | Found Ydaomuebb's Distillery.
  2759 | D:4      | Found Odicuf's Antique Armour Shoppe.
  2766 | D:4      | Reached XP level 7. HP: 50/61 MP: 6/6
  2832 | D:4      | Bought a potion of heal wounds for 70 gold pieces
  2832 | D:4      | Bought a potion of degeneration for 14 gold pieces
  2832 | D:4      | Bought a potion of curing for 42 gold pieces
  2855 | D:4      | Identified the +4 hammer of Cobwebs {holy, *Corrode rElec
                  | rN+ Dex+3}
  2857 | D:4      | Found a runed translucent door.
  2858 | D:4      | Noticed Crazy Yiuf
  2877 | D:4      | Found Ridaer's Armour Boutique.
  2923 | D:4      | Found Gakleile's Assorted Antiques.
  2932 | D:4      | Bought 2 scrolls labelled MURARPH GAHIANG for 32 gold
                  | pieces
  2932 | D:4      | Bought a scroll of identify for 32 gold pieces
  2932 | D:4      | Bought a scroll of identify for 32 gold pieces
  3073 | D:4      | Noticed Grinder
  3077 | D:4      | Paralysed by Grinder for 3 turns
  3087 | D:4      | Paralysed by Grinder for 3 turns
  3094 | D:4      | Paralysed by Grinder for 4 turns
  3099 | D:4      | Killed Grinder
  3100 | D:4      | Reached skill level 7 in Long Blades
  3180 | D:4      | Found a broken altar of Ashenzari.
  3331 | D:4      | Killed Crazy Yiuf
  3399 | D:5      | Entered Level 5 of the Dungeon
  3582 | D:5      | Found a staircase to the Ecumenical Temple.
  3596 | Temple   | Entered the Ecumenical Temple
  3669 | Temple   | Became a worshipper of Warmaster Okawaru
  3756 | D:5      | Reached skill level 8 in Long Blades
  3756 | D:5      | Reached XP level 8. HP: 70/70 MP: 7/7
  3880 | D:5      | Reached skill level 5 in Shields
  4555 | D:6      | Found a transporter.
  4584 | D:6      | Reached * piety under Okawaru
  4745 | D:6      | Reached skill level 9 in Long Blades
  4795 | D:6      | Noticed Pikel
  4822 | D:6      | Killed Pikel
  4822 | D:6      | Reached ** piety under Okawaru
  4823 | D:6      | Reached XP level 9. HP: 52/79 MP: 8/8
  4991 | D:6      | Found a sparkling altar of Nemelex Xobeh.
  5042 | D:6      | Reached skill level 10 in Long Blades
  5176 | D:6      | Found a blossoming altar of Fedhas.
  5237 | D:6      | Found a transporter.
  5294 | D:6      | Found a glowing silver altar of Zin.
  5387 | D:6      | Found a hazy altar of Hepliaklqana.
  5388 | D:6      | Found a shimmering altar of Xom.
  5389 | D:6      | Noticed a spectral ugly thing
  5819 | D:7      | Found an opulent altar of Gozag.
  6088 | D:7      | Noticed Menkaure
  6097 | D:7      | Killed Menkaure
  6393 | D:6      | Found a burning altar of Makhleb.
  6393 | D:6      | Found an ancient bone altar of Kikubaaqudgha.
  6393 | D:6      | Found a white marble altar of Elyvilon.
  6737 | D:7      | Reached skill level 11 in Long Blades
  7162 | D:7      | Reached *** piety under Okawaru
  7456 | D:8      | Noticed a death yak
  7456 | D:8      | Noticed a death yak
  7636 | D:8      | Found a staircase to the Lair.
  7789 | D:8      | Noticed Erica
  7800 | D:8      | Killed Erica
  7801 | D:8      | Reached XP level 10. HP: 67/90 MP: 9/9
  7950 | D:4      | Bought a potion of haste for 140 gold pieces
  7950 | D:4      | Bought 2 potions of flight for 84 gold pieces
  7950 | D:4      | Bought a potion of invisibility for 112 gold pieces
  8029 | D:8      | Noticed a death yak
  8087 | D:9      | Reached **** piety under Okawaru
  8105 | D:9      | Reached skill level 12 in Long Blades
  8208 | D:9      | Reached skill level 1 in Invocations
  8266 | D:9      | Noticed Grum
  8284 | D:9      | Killed Grum
  8351 | D:9      | Found a transporter.
  8513 | D:9      | Reached skill level 10 in Armour
  8853 | D:10     | Entered Level 10 of the Dungeon
  8946 | D:10     | Found a flagged portal.
  8966 | Bailey   | Entered a bailey
  9032 | Bailey   | Reached skill level 13 in Long Blades
  9202 | Bailey   | Noticed a gargoyle
  9215 | Bailey   | Killed a gargoyle
  9398 | Bailey   | Identified the +5 tower shield of Rixutt {rF+ Dex+2}
  9531 | D:10     | Found Waduecet's Weapon Emporium.
  9533 | D:10     | Found a staircase to the Orcish Mines.
  9557 | D:10     | Found Acif's Armour Emporium.
  9617 | D:10     | Noticed Joseph
  9633 | D:10     | Killed Joseph
  9633 | D:10     | Reached ***** piety under Okawaru
  9634 | D:10     | Reached XP level 11. HP: 94/99 MP: 12/12
 10282 | D:11     | Found a gate leading to a gauntlet.
 10284 | D:11     | Identified the +0 ring mail of Jigsaw {Will+}
 10308 | Gauntlet | Entered a Gauntlet
 10308 | Gauntlet | Found a transporter.
 10308 | Gauntlet | Found a transporter.
 10308 | Gauntlet | Found a transporter.
 10310 | Gauntlet | Noticed a soul eater
 10318 | Gauntlet | Found a transporter.
 10321 | Gauntlet | Found a transporter.
 10329 | Gauntlet | Found a transporter.
 10332 | Gauntlet | Found a transporter.
 10340 | Gauntlet | Noticed an orange crystal statue
 10345 | Gauntlet | Found a transporter.
 10358 | Gauntlet | Found a transporter.
 10363 | Gauntlet | Found a transporter.
 10366 | Gauntlet | Found a transporter.
 10367 | Gauntlet | Noticed an oklob plant
 10376 | Gauntlet | Found a transporter.
 10466 | Gauntlet | Reached skill level 10 in Fighting
 10482 | Gauntlet | Identified the +9 halberd of Fiwnuuts {venom, Str+4 Int+2}
 10533 | Gauntlet | Killed an oklob plant
 10567 | Gauntlet | Identified the +0 cloak of the Okapi {Fly rF+}
 10644 | Gauntlet | Noticed a minotaur
 10658 | Gauntlet | Killed a minotaur
 10686 | Gauntlet | Got the Vademecum on the Heated Mesa
 10741 | D:11     | Reached skill level 14 in Long Blades
 10904 | D:11     | Reached skill level 5 in Invocations
 11145 | D:11     | Noticed a two-headed ogre
 11153 | D:11     | Killed a two-headed ogre
 11302 | D:11     | Noticed a two-headed ogre
 11311 | D:11     | Killed a two-headed ogre
 11487 | D:11     | Found a runed translucent door.
 11492 | D:11     | Noticed adept's ghost (journeyman GrHu)
 11947 | D:8      | Killed a death yak
 11957 | D:8      | Killed a death yak
 11957 | D:8      | Received a gift from Okawaru
 11971 | D:8      | Killed a death yak
 12123 | Lair:1   | Entered Level 1 of the Lair of Beasts
 12168 | Lair:1   | Reached XP level 12. HP: 91/110 MP: 15/15
 12637 | Lair:1   | Identified the +4 triple sword of Imatwim {drain, rC++
                  | Stlth+} (Okawaru gifted it to you on level 1 of the Lair of
                  | Beasts)
 12637 | Lair:1   | Received a gift from Okawaru
 13082 | Lair:2   | Found a staircase to the Swamp.
 13177 | Lair:2   | Identified the ring "Verch" {+Blink MP+9 Str-3 Int+4}
 13400 | Lair:2   | You are sucked into a shaft and drop 1 floor!
 13461 | Lair:3   | Noticed a boulder beetle
 13506 | Lair:3   | Killed a boulder beetle
 13921 | Lair:2   | Reached XP level 13. HP: 122/122 MP: 17/17
 13925 | Lair:2   | Reached ****** piety under Okawaru
 13977 | Lair:2   | Found a staircase to the Snake Pit.
 14140 | Lair:2   | Identified the +0 ring mail of the Volcano {Will+ Str+3
                  | Slay+3} (Okawaru gifted it to you on level 2 of the Lair of
                  | Beasts)
 14140 | Lair:2   | Received a gift from Okawaru
 14378 | Lair:3   | Noticed Kirke
 14871 | Lair:3   | Slain by Kirke

Illustrated notes

Levels and vault maps discovered:
D:1:      lightli_arrival_statuegarden, layout_loops_cross,
          dreamdust_ecumenical_altar_sealed_demon
D:2:      layout_basic, minmay_tree_intersection, uniq_terence, uniq_sigmund,
          uniq_jessica
D:3:      layout_basic, st_stairs_3
D:4:      layout_basic, mainiacjoe_overflow_alcove_2, dk_yredelemnul_ordeal,
          serial_shops, kennysheep_little_box, nicolae_shop_stone,
          nicolae_shop_crystal, shop, shop, uniq_grinder,
          uniq_crazy_yiuf_cottage
D:5:      layout_loops_ring, minmay_temple_entry_arrows
D:6:      gammafunk_cloud_chamber, layout_loops_ring,
          regret_index_temple_of_mockery, nicolae_overflow_hidden_temple,
          marbit_many_paths, uniq_pikel
D:7:      layout_layer_cave, nicolae_gozag_seed_capital,
          kennysheep_big_empty_room, uniq_menkaure
D:8:      layout_basic, dpeg_lair_monsters, uniq_erica
D:9:      layout_basic, nicolae_diode_basic, uniq_grum
D:10:     layout_stronghold, orc_david_3, enter_bailey_2, serial_bayou_pond_c,
          uniq_joseph
D:11:     layout_layer_cave, gauntlet_entry_generic,
          ebering_ghost_reflecting_pool
Temple:   hellmonk_temple_of_storms
Lair:1:   layout_cave_shapes
Lair:2:   layout_loops_ring, skrybe_swamp_entry_bodies,
          minmay_snake_entry_spellcaster, serial_forest,
          infiniplex_forest_lined_2, infiniplex_forest_corner_2,
          infiniplex_forest_clump_tiny, infiniplex_forest_join,
          infiniplex_forest_lined_3_way, infiniplex_forest_lined_room_,
          minivault_25, grunt_megastairs_2
Lair:3:   layout_cave_pods, uniq_kirke

Skill      XL: |  1  2  3  4  5  6  7  8  9 10 11 12 13 |
---------------+----------------------------------------+-----
Fighting       | 4 5 7 8 9 11 13 | 13.7
Armour         | 4 5 6 8 9 10 11 13 | 13.6
Shields        | 4 5 6 7 9 |  9.3
Long Blades    | 4 5 6 8 9 11 13 14 | 14.8
Invocations    | 3 5 7 8 |  8.0
Evocations     | |  0.8

Action                     |  1- 3 |  4- 6 |  7- 9 | 10-12 | 13-15 || total
---------------------------+-------+-------+-------+-------+-------++-------
  Melee: Long sword        |    65 |   122 |   254 |       |       ||   441
         Headbutt          |     9 |    16 |    54 |   173 |    14 ||   266
         Scimitar          |       |       |    13 |   759 |    71 ||   843
         Unarmed           |       |       |       |       |    28 ||    28
 Invoke: Heroism           |       |       |     1 |    15 |     1 ||    17
  Evoke: Wand              |       |       |     5 |       |       ||     5
    Use: Potion            |     1 |       |     1 |     3 |     2 ||     7
         Scroll            |       |     5 |     7 |     6 |       ||    18
 Armour: Scale mail        |    32 |    40 |   100 |       |       ||   172
         Chain mail        |       |       |       |   214 |       ||   214
         Plate armour      |       |       |       |    99 |    39 ||   138
         Skin              |       |       |       |    32 |       ||    32
  Dodge: Dodged            |    38 |    54 |   129 |   196 |    37 ||   454
  Block: Buckler           |    15 |    32 |    56 |   159 |    14 ||   276

Table legend: (Time is in decaauts)
 A = Elapsed time spent in this place.
 B = Non-inter-level travel time spent in this place.
 C = Inter-level travel time spent in this place.
 D = Time resting spent in this place.
 E = Time spent auto-exploring this place.
 F = Levels seen in this place.
 G = Mean time per level.
                   A        B        C        D        E       F      G
               +--------+--------+--------+--------+--------+-----+--------+
         Total |  14719 |  13827 |    892 |    358 |   8369 |  17 |  865.8 |
       Dungeon |  11139 |  10334 |    805 |    325 |   6955 |  11 | 1012.6 |
        Temple |     88 |     74 |     14 |      0 |     44 |   1 |   88.0 |
          Lair |   2650 |   2577 |     73 |      0 |   1118 |   3 |  883.3 |
        Bailey |    471 |    471 |      0 |      0 |    122 |   1 |  471.0 |
      Gauntlet |    369 |    369 |      0 |     33 |    130 |   1 |  369.0 |
               +--------+--------+--------+--------+--------+-----+--------+

Top non-repeatable levels by time:
     D:7: 1451 daAuts
     D:6: 1395 daAuts
    D:11: 1081 daAuts
     D:4: 1008 daAuts
     D:3: 980 daAuts
    D:10: 969 daAuts
     D:5: 946 daAuts
  Lair:1: 928 daAuts
     D:2: 924 daAuts
  Lair:3: 911 daAuts
     D:8: 899 daAuts
  Lair:2: 810 daAuts
     D:9: 804 daAuts
     D:1: 678 daAuts
  Bailey: 471 daAuts
